 Dungeon Crawl Stone Soup version 0.27.0-1-g7a089689b8 (webtiles) character file.

Game seed: 10794569279125599732

322 daftaero the Caller (level 6, -1/32 HPs)
             Began as a Deep Elf Summoner on Aug 12, 2021.
             Slain by a black bear (2 damage)
             ... on level 4 of the Dungeon.
             The game lasted 00:14:14 (4406 turns).

daftaero the Caller (Deep Elf Summoner)             Turns: 4406, Time: 00:14:15

Health: -1/32      AC:  2    Str:  5    XL:     6   Next: 22%
Magic:  11/16      EV: 12    Int: 22    God:
Gold:   190        SH:  6    Dex: 15    Spells: 12/16 levels left

rFire    . . .     SeeInvis .   m - +4 long sword
rCold    . . .     Faith    .   k - +2 buckler
rNeg     . . .     Spirit   .   a - +0 robe
rPois    .         Reflect  .   (no helmet)
rElec    .         Harm     .   (no cloak)
rCorr    .         Rampage  .   (no gloves)
Will     +....                  (no boots)
Stlth    ++........             i - amulet of the acrobat
HPRegen  0.10/turn              s - ring of willpower
MPRegen  0.15/turn              (no ring)

@: no status effects
A: no striking features
a: no special abilities


You were on level 4 of the Dungeon.
You visited 1 branch of the dungeon, and saw 5 of its levels.

You collected 190 gold pieces.

Inventory:

Hand Weapons
 m - a +4 long sword (weapon)
Armour
 a - a +0 robe (worn)
 k - a +2 buckler (worn)
Jewellery
 i - an amulet of the acrobat (around neck)
 s - a ring of willpower (left hand)
Scrolls
 c - 2 scrolls of noise {unknown}
 d - 3 scrolls of teleportation {unknown}
 e - 3 scrolls of amnesia {unknown}
 f - a scroll of vulnerability {unknown}
 g - 3 scrolls of enchant armour {unknown}
 h - 2 scrolls of identify {unknown}
 j - a scroll of brand weapon {unknown}
 n - 2 scrolls of summoning {unknown}
 o - a scroll of magic mapping {unknown}
 t - a scroll of immolation {unknown}
 v - a scroll of blinking {unknown}
Potions
 b - 2 potions of curing {unknown}
 l - a potion of mutation {unknown}
 p - a potion of lignification {unknown}
 q - a potion of brilliance {unknown}
 r - a potion of cancellation {unknown}
 u - a potion of ambrosia {unknown}


   Skills:
 - Level 2.4 Dodging
 - Level 2.4 Stealth
 + Level 2.3 Shields
 + Level 5.9 Spellcasting
 + Level 6.1 Summonings


You had 12 spell levels left.
You knew the following spells:

 Your Spells              Type           Power      Damage    Failure   Level
a - Summon Small Mammal   Summ           100%       N/A       1%          1
b - Call Imp              Summ           33%        N/A       1%          2
c - Magic Dart            Conj           24%        1d4       12%         1

Your spell library contained the following spells:

 Spells                   Type           Power      Damage    Failure   Level
 Call Canine Familiar     Summ           33%        N/A       2%          3
 Summon Guardian Golem    Hex/Summ       20%        N/A       10%         3
 Shock                    Conj/Air       24%        1d4       12%         1
 Summon Lightning Spire   Summ/Air       20%        N/A       32%         4
 Mephitic Cloud           Conj/Pois/Air  6%         N/A       34%         3
 Swiftness                Air            6%         N/A       34%         3
 Airstrike                Air            3%         N/A       75%         4


Dungeon Overview and Level Annotations

Branches:
Dungeon (5/15)
 Temple: D:4-7

Altars:
Cheibriados
Dithmenos
Elyvilon
Fedhas
Hepliaklqana
Makhleb
Wu Jian
Xom

Annotations:
D:3 1 runed translucent door, Crazy Yiuf, Natasha


Message History

The black bear claws your crimson imp.
A two-headed ogre comes into view.
It is wielding two +0 giant spiked clubs.
Your crimson imp blinks!
Your crimson imp blinks!
The black bear completely misses you.
You riposte.
You hit the black bear but do no damage.
The black bear is almost dead.
You block the black bear's attack. x2
Your crimson imp barely misses the black bear.
The black bear closely misses your crimson imp.
The black bear claws your crimson imp. x2
What are your orders? t - Shout!
Orders for allies: a - Attack new target. p - Attack previous target. r - Retreat! s - Stop attacking. g - Guard the area. f - Follow me.
Anything else - Cancel.
Gang up on whom?
Press: ? - help, Dir - move target, f/p - black bear
Aim: a black bear (almost dead, berserk, ally target) Attack!
The black bear bites your crimson imp.
The black bear claws your crimson imp. x2
Your crimson imp barely misses the black bear.
The black bear closely misses your crimson imp.
The black bear claws your crimson imp.
Your crimson imp dies!
Your crimson imp hits the black bear.
The black bear bites you. The black bear barely misses you.
The black bear completely misses you.
Your crimson imp blinks!
There is a stone staircase leading up here.
The black bear bites you! The black bear claws you. x2
You climb upwards.
There is a stone staircase leading down here.
Casting: Call Imp (safe; 1% risk of failure)
Confirm with . or Enter, or press ? or * to list all spells.
The black bear bites you!
* * * LOW HITPOINT WARNING * * *
The black bear claws you.
You die...

##### #...# ############
###########.#.# ........##.##
#......<....#.####
#######.#.#.###.######....#....##
#.....###.##........#######..#
#.#..## ##.#..#####....#......
####.....###...h.r..####..#..#..#
......#.#.#.##..@.........#......
.≈..≈≈..#..###...##.####5......##
≈≈≈≈≈≈≈..........##.####...<.....
≈≈≈≈≈≈≈≈#..............###.##...#
≈≈.≈.≈≈........#.##.##.###.##...#
≈≈≈≈≈≈≈.#.######.##.##.##.......#
...#≈≈≈≈#.# #.##.##5###.######
####≈≈≈≈#.######_##.##5# #.#####
#≈≈≈≈#.....##5##.##†# #.#...##


You could see a black bear (berserk, ally target) and a friendly quokka
(summoned).

Vanquished Creatures
  A hound skeleton (D:4)
  An adder (D:2)
  An ufetubus (D:4)
  A dart slug (D:4)
  2 endoplasms (D:4)
  A giant cockroach (D:1)
  2 hobgoblins (D:3)
  A quokka (D:3)
  2 frilled lizards
  2 goblins
  A rat (D:1)
15 creatures vanquished.

Vanquished Creatures (collateral kills)
  Grinder (D:3)
  A necrophage (D:4)
  An ogre (D:4)
  A scorpion (D:4)
  A crimson imp (D:4)
  Natasha (D:3)
  2 adders
  A worm (D:3)
  4 dart slugs
  4 ball pythons
  4 bats
  4 endoplasms
  3 giant cockroaches (D:1)
  A goblin (D:3)
  A hobgoblin (D:1)
  2 jackals (D:3)
  2 kobolds
  3 quokkas
  3 rats
40 creatures vanquished.

Vanquished Creatures (others)
  2 fungi (D:2)
  2 plants (D:2)
4 creatures vanquished.

Grand Total: 59 creatures vanquished

Notes
Turn   | Place    | Note
-------+----------+-------------------------------------------
     0 | D:1      | daftaero the Deep Elf Summoner began the quest for the Orb.
     0 | D:1      | Reached XP level 1. HP: 10/10 MP: 6/6
   359 | D:1      | Reached XP level 2. HP: 8/15 MP: 8/8
   362 | D:1      | Learned a level 2 spell: Call Imp
  1361 | D:2      | Found a faded altar of an unknown god.
  1468 | D:2      | Reached XP level 3. HP: 19/19 MP: 7/10
  1629 | D:2      | Reached skill level 5 in Summonings
  1894 | D:3      | Learned a level 1 spell: Magic Dart
  2184 | D:3      | Found a runed translucent door.
  2185 | D:3      | Noticed Crazy Yiuf
  2339 | D:3      | Noticed Grinder
  2346 | D:3      | Paralysed by Grinder for 4 turns
  2483 | D:3      | Killed Grinder
  2484 | D:3      | Reached skill level 1 in Shields
  2484 | D:3      | Reached skill level 5 in Spellcasting
  2484 | D:3      | Reached XP level 4. HP: 8/24 MP: 1/13
  2484 | D:3      | Reached XP level 5. HP: 10/28 MP: 1/14
  2799 | D:3      | Found a blossoming altar of Fedhas.
  2800 | D:3      | Found a hazy altar of Hepliaklqana.
  2887 | D:3      | Noticed Natasha
  2897 | D:3      | Killed Natasha
  3105 | D:3      | Noticed Natasha
  3501 | D:4      | Found a snail-covered altar of Cheibriados.
  3597 | D:4      | Found a white marble altar of Elyvilon.
  3680 | D:4      | Found a shadowy altar of Dithmenos.
  3733 | D:4      | Found an ornate altar of the Wu Jian Council.
  3765 | D:4      | Noticed an ogre
  3776 | D:4      | Killed an ogre
  4018 | D:4      | Noticed a necrophage
  4028 | D:4      | Killed a necrophage
  4029 | D:4      | Reached skill level 6 in Summonings
  4029 | D:4      | Reached XP level 6. HP: 28/32 MP: 12/16
  4098 | D:4      | Found a burning altar of Makhleb.
  4098 | D:4      | Found a shimmering altar of Xom.
  4363 | D:5      | Entered Level 5 of the Dungeon
  4398 | D:5      | Noticed a two-headed ogre
  4406 | D:4      | HP: 1/32 [black bear (11)]
  4406 | D:4      | Slain by a black bear

Illustrated notes

Levels and vault maps discovered:
D:1:      mrwooster_arrival_statue_2, layout_basic
D:2:      layout_basic, shapermc_ecumenical_altar_ellora,
          hangedman_decor_clover_reticule, minmay_statues_item
D:3:      layout_loops_ring, gammafunk_temple_overflow_pools, uniq_natasha,
          uniq_grinder, uniq_crazy_yiuf_cottage
D:4:      layout_loops_ring, grunt_temple_overflow_champion_of_chaos,
          lemuel_crystal_altar, overflow_temple_1_default,
          nicolae_dithmenos_shadow_blocks, mainiacjoe_overflow_alcove_1,
          roderic_roman_lattice, chequers_serial_rivers_large_a
D:5:      minmay_polygon_palace, layout_layer_cave, kennysheep_mini

Skill      XL: |  1  2  3  4  5 |
---------------+----------------+-----
Spellcasting   | 4 5 |  5.9
Summonings     | 5 6 |  6.1
Shields        | 1 2 |  2.3
Dodging        | |  2.4
Stealth        | |  2.4

Action                   |  1- 3 |  4- 6 || total
-------------------------+-------+-------++-------
Melee: War axe           |    23 |       ||    23
       Unarmed           |     2 |       ||     2
       Long sword        |     3 |    16 ||    19
 Cast: Summon Small Mamm |    16 |     7 ||    23
       Call Imp          |    24 |    22 ||    46
       Magic Dart        |     4 |       ||     4
 Stab: Sleeping          |     1 |     3 ||     4
Armor: Robe              |     4 |       ||     4
Dodge: Dodged            |    23 |    36 ||    59
Block: Buckler           |       |     5 ||     5
       Rpst.: Long sword |     1 |     9 ||    10
